details: 'UD rush'

« prev index next »

General information

Mini Map

Players

team 1
Humanmb-amg (orange | 104 APM | 678 actions | 06:30)
Hero icon 1 Mountain King
Ability icon 1 Storm Bolt

» actions
Assign group hotkey6
Basic commands34
Build / train20
Enter build submenu9
Enter hero's abilities submenu1
Right click374
Select / deselect159
Select group hotkey55
Use ability20
678 total
» units
Peasant10
Footman6
16 total
» buildings
Farm4
Altar of Kings1
Barracks1
Arcane Vault1
Keep2
Blacksmith1
10 total
» build order
00:05 Farm
00:07 Altar of Kings
00:34 Barracks
01:01 Farm
01:38 Arcane Vault
01:48 Farm
02:33 Farm
03:30 Keep
03:30 Keep
03:35 Blacksmith
team 2
Undead0851346 (yellow | 161 APM | 1053 actions | 06:32)
Hero icon 3 Lich
Ability icon 2 Frost Nova
Ability icon 1 Frost Armor

» actions
Assign group hotkey63
Basic commands39
Build / train26
Enter build submenu10
Enter hero's abilities submenu3
Right click351
Select / deselect76
Select group hotkey458
Use ability27
1053 total
» units
Acolyte2
Ghoul17
19 total
» buildings
Crypt2
Ziggurat4
Altar of Darkness1
Tomb of Relics1
Halls of the Dead1
9 total
» build order
00:10 Crypt
00:12 Ziggurat
00:37 Altar of Darkness
00:55 Crypt
01:30 Ziggurat
01:54 Tomb of Relics
05:14 Ziggurat
05:15 Ziggurat
06:08 Halls of the Dead
» items
Rod of Necromancy1
1 total